 Seeded DCSS version 0.25-a0-91-g23bb404 (webtiles) character file.

Game seed: 633108343144502177, levelgen mode: deterministic

67 Illumine the Bolt Thrower (level 4, -1/29 HPs)
             Began as a Formicid Hunter on Nov 10, 2019.
             Slain by Grinder (3 damage)
             ... on level 3 of the Dungeon.
             The game lasted 00:05:23 (2214 turns).

Illumine the Bolt Thrower (Formicid Hunter)         Turns: 2214, Time: 00:05:24

Health: -1/29      AC:  8    Str: 17    XL:     4   Next: 40%
Magic:  4/4        EV:  7    Int: 11    God:
Gold:   64         SH:  0    Dex: 11    Spells: 3/3 levels left

rFire    . . .     SeeInvis +   j - +0 spear
rCold    . . .     Gourm    .   (no shield)
rNeg     . . .     Faith    .   t - +0 chain mail
rPois    .         Spirit   .   (helmet unavailable)
rElec    .         Reflect  .   (no cloak)
rCorr    +         Harm     .   (no gloves)
MR       .....     Clarity  +   (no boots)
Stlth    ..........             (no amulet)
HPRegen  0.09/turn              k - ring of resist corrosion
MPRegen  0.09/turn              (no ring)

@: flying
A: permanent stasis, dig shafts and tunnels, four strong arms, antennae 3,
clarity, frail 1, wild magic 1
a: Dig, Shaft Self


You were on level 3 of the Dungeon.
You were not hungry.

You visited 1 branch of the dungeon, and saw 3 of its levels.

You collected 64 gold pieces.

Inventory:

Hand Weapons
 a - a +1 hand crossbow
 b - a +0 short sword
 j - a +0 spear (weapon)
Missiles
 d - 33 bolts
 g - 77 stones (quivered)
Armour
 t - a +0 chain mail (worn)
Jewellery
 k - a ring of resist corrosion (left hand)
Scrolls
 c - a scroll of teleportation {unknown}
 e - a scroll of blinking {unknown}
 h - 7 scrolls of identify {unknown}
 m - a scroll of enchant armour {unknown}
 n - a scroll of enchant weapon {unknown}
Potions
 i - a potion of resistance {unknown}
 o - a potion of degeneration {unknown}
 p - a potion of haste {unknown}
 q - a potion of flight
 r - a potion of mutation
Comestibles
 f - 6 rations


   Skills:
 + Level 2.2 Fighting
 - Level 1.2 Short Blades
 * Level 2.4 Polearms
 - Level 4.0 Crossbows
 + Level 0.3 Armour
 - Level 2.5 Dodging
 - Level 1.2 Stealth


You had 3 spell levels left.
You didn't know any spells.
Your spell library was empty.

Dungeon Overview and Level Annotations

Branches:
Dungeon (3/15)

Altars:

Annotations:
D:3 Grinder


Innate Abilities, Weirdness & Mutations

You cannot be hasted, slowed, berserked, paralysed or teleported.
You can dig through walls and to a lower floor.
Your four strong arms can wield two-handed weapons with a shield.
You have a pair of large antennae on your head. (SInv)
You possess an exceptional clarity of mind.
You are frail. (-10% HP)
Your spells are a little harder to cast, but a little more powerful.


Message History

Aim: Grinder (moderately wounded)
You shoot a bolt. The bolt barely misses Grinder.
j - a +0 spear (weapon)
Grinder hits you.
* * * LOW HITPOINT WARNING * * *
You writhe in agony.
* * * LOW HITPOINT WARNING * * *
You hit Grinder but do no damage.
Grinder is moderately wounded.
Grinder hits you but does no damage.
It was a potion of flight.
You feel very buoyant.
You fly up into the air.
Grinder hits you.
* * * LOW HITPOINT WARNING * * *
It was a potion of mutation.
You feel extremely strange.
You feel frail.
You feel less in control of your magic.
Your thoughts seem clearer.
Grinder says, "I used to sell toenails on the black market."
Grinder hits you.
You die...

#.###..r..#.# .#
#.# # #.#.r.#(##.#
#.#........##.. .
._.♣.#
#..#.#.......... .
.♣. . ..#. #(# >
.♣....##... #†# .
.......... { #(# .#
##$..#... #5##.# #
#$......# #@##.#
.... # .....>..#{
#†##.# .. ....
..[...<.#{
##....###. ####..##
.......)#{
#).....#..##.......
#.......#
###....#.##........
.........
#....#.#.........
.......###
#....#.#.........
.......#
##.........)......
#.....##
#.................


You could see Grinder.

Vanquished Creatures
  2 adders
  A worm (D:2)
  3 dart slugs
  An orc (D:3)
  5 giant cockroaches
  4 goblins
  4 hobgoblins
  A quokka (D:3)
  3 bats
  2 frilled lizards
  2 kobolds
  16 rats
44 creatures vanquished.

Notes
Turn   | Place    | Note
-------+----------+-------------------------------------------
     0 | D:1      | Illumine the Formicid Hunter began the quest for the Orb.
     0 | D:1      | Reached XP level 1. HP: 16/16 MP: 1/1
   100 | D:1      | Reached skill level 1 in Short Blades
   100 | D:1      | Reached XP level 2. HP: 22/22 MP: 2/2
   960 | D:2      | Reached skill level 1 in Polearms
  1032 | D:2      | Reached XP level 3. HP: 15/27 MP: 3/3
  1757 | D:3      | Found a faded altar of an unknown god.
  1843 | D:3      | Reached XP level 4. HP: 33/33 MP: 4/4
  2151 | D:3      | Noticed Grinder
  2214 | D:3      | Gained mutation: You are frail. (-10% HP) [potion of
                  | mutation]
  2214 | D:3      | Gained mutation: Your spells are a little harder to cast,
                  | but a little more powerful. [potion of mutation]
  2214 | D:3      | Gained mutation: You possess an exceptional clarity of
                  | mind. [potion of mutation]
  2214 | D:3      | Slain by Grinder

Levels and vault maps discovered:
D:1:      dpeg_arrival_orchard, layout_loops_ring, serial_glass,
          glass_columns_b, glass_columns_c, glass_columns_a, glass_columns_b,
          glass_columns_a, glass_columns_b
D:2:      cheibrodos_old_hovel, layout_basic
D:3:      layout_rooms, chequers_ecumenical_altar_simple_redux, first_ration,
          cheibrodos_sewer_entry_bend, minmay_rat_hole, uniq_grinder

Skill      XL: |  1  2  3 |
---------------+----------+-----
Short Blades   | 1 |  1.2
Dodging        | 2 |  2.5
Polearms       | 1 2 |  2.4
Fighting       | |  2.2
Crossbows      | |  4.0
Armour         | |  0.3
Stealth        | |  1.2

Action                   |  1- 3 |  4- 6 || total
-------------------------+-------+-------++-------
Melee: Short sword       |    17 |       ||    17
       Spear             |   113 |    73 ||   186
 Fire: Hand crossbow     |     5 |     5 ||    10
Throw: Stone             |     3 |       ||     3
  Use: Potion            |       |     2 ||     2
  Eat: Chunk             |     2 |     2 ||     4
Armor: Leather armour    |    10 |       ||    10
       Ring mail         |    11 |       ||    11
       Chain mail        |    27 |    36 ||    63
Dodge: Dodged            |    61 |    31 ||    92

Table legend:
 A = Non-vault XP
 B = Vault XP
 C = Vault XP percentage of total XP
 D = Non-vault monster count
 E = Vault monster count
 F = Vault count percentage of total count
                 A         B        C        D         E       F
            +---------+---------+-------+---------+---------+-------
      Total |      83 |      14 |  14.4 |      32 |      12 |  27.3
            +---------+---------+-------+---------+---------+-------
        D:1 |      21 |       0 |   0.0 |      12 |       0 |   0.0
        D:2 |      38 |       5 |  11.6 |      14 |       4 |  22.2
        D:3 |      24 |       9 |  27.3 |       6 |       8 |  57.1
            +---------+---------+-------+---------+---------+-------
